 Dungeon Crawl Stone Soup version 0.20-a0-222-gb69ddcd (webtiles) character file.

271 KristoblXynda the Chopper (level 6, -1/48 HPs)
             Began as a Draconian Gladiator on Nov 28, 2016.
             Was an Initiate of Okawaru.
             Killed from afar by an orc wizard (11 damage)
             ... with a magic dart
             ... on level 4 of the Dungeon on Nov 29, 2016.
             The game lasted 00:07:24 (2540 turns).

KristoblXynda the Chopper (Draconian Gladiator)     Turns: 2540, Time: 00:07:26

Health: -1/48      AC:  7    Str: 18    XL:     6   Next: 2%
Magic:  6/6        EV: 15    Int: 12    God:    Okawaru [......]
Gold:   101        SH:  0    Dex: 18    Spells: 5/5 levels left

rFire  . . .     SeeInvis .     a - +0 war axe
rCold  . . .     Gourm    .     (armour unavailable)
rNeg   . . .     Faith    .     (no shield)
rPois  .         Spirit   .     b - +1 hat
rElec  .         Reflect  .     (no cloak)
rCorr  .         Harm     .     (no gloves)
MR     .....                    (no boots)
Stlth  ++........               e - amulet of regeneration
                                s - +6 ring of dexterity
                                i - +3 ring of intelligence

@: slowed, very slow
A: unfitting armour, cold-blooded, AC +6
a: Renounce Religion


You were on level 4 of the Dungeon.
You worshipped Okawaru.
Okawaru was noncommittal.
You were hungry.

You visited 1 branch of the dungeon, and saw 4 of its levels.

You collected 101 gold pieces.

Inventory:

Hand Weapons
 a - a +0 war axe (weapon)
 o - a +2 broad axe
Missiles
 c - 3 throwing nets (quivered)
Armour
 b - a +1 hat (worn)
Jewellery
 e - an amulet of regeneration (around neck)
 i - a +3 ring of intelligence (left hand)
 s - a +6 ring of dexterity (right hand)
 w - a +4 amulet of reflection {unknown}
Scrolls
 f - 3 scrolls of amnesia
 h - a scroll of blinking {unknown}
 r - a scroll of remove curse
Potions
 g - a potion of degeneration {unknown}
 k - a potion of cure mutation {unknown}
 m - 3 potions of flight
 q - a potion of agility {unknown}
 t - 2 potions of berserk rage {unknown}
Comestibles
 d - 4 bread rations
 p - a meat ration
 v - 3 fruits


   Skills:
 - Level 2.1 Fighting
 + Level 4.6 Axes
 - Level 3.2 Throwing
 + Level 4.4 Dodging


You had 5 spell levels left.
You didn't know any spells.

Dungeon Overview and Level Annotations

Branches:
Dungeon (4/15)
 Temple: D:4-7

Altars:
Dithmenos
Fedhas
Okawaru
Ru
Sif Muna
Trog
Xom


Innate Abilities, Weirdness & Mutations

Your plain brown scales are hard. (AC +6)
You cannot fit into any form of body armour.
You are cold-blooded and may be slowed by cold attacks.


Message History

You hit the orc but do no damage.
The orc is severely wounded.
You closely miss the orc wizard.
The orc wizard hits you but does no damage. x2
The orc hits you with a trident. The orc wizard barely misses you.
The orc completely misses you.
Unknown command.
You closely miss the orc.
You tail-slap the orc, but do no damage.
The orc is severely wounded.
You slash the orc wizard!
The orc wizard points at you and mumbles some strange words.
The magic dart hits you!
* * * LOW HITPOINT WARNING * * *
The orc wizard casts a spell.
The orc wizard blinks!
The orc hits you with a trident.
* * * LOW HITPOINT WARNING * * *
The orc wizard gestures at you while chanting.
The magic dart hits you!
You die...

#.. ......... ## #..
#..)o... ..##..##.....#
.....#......##
#............###
...............###
............?.....
......)ยง)...###..
......o@.....#
......#####...##... ..
....... #....... ....
......# #....[.###....
...... ##.............
........+ #..............
........#####..............
...........................
.........oo(..(............


You could see an orc wizard and an orc.

Vanquished Creatures
  An orc priest (D:4)
  Natasha (thrice) (D:3)
  6 adders
  3 oozes
  4 worms (D:2)
  3 dart slugs (D:2)
  2 leopard geckos
  2 orcs (D:4)
  4 ball pythons
  5 giant cockroaches
  3 goblins (D:1)
  4 hobgoblins
  13 jackals
  10 kobolds
  8 bats
  8 frilled lizards
  7 rats
86 creatures vanquished.

Notes
Turn   | Place    | Note
-------+----------+-------------------------------------------
     0 | D:1      | KristoblXynda the Draconian Gladiator began the quest for the Orb.
     0 | D:1      | Reached XP level 1. HP: 17/17 MP: 1/1
    95 | D:1      | Reached XP level 2. HP: 12/24 MP: 2/2
   233 | D:1      | Upgraded the game from 0.20-a0-217-g17e8ceb to 0.20-a0-222-gb69ddcd
   514 | D:1      | Reached XP level 3. HP: 25/29 MP: 3/3
  1050 | D:2      | Reached XP level 4. HP: 36/36 MP: 4/4
  1098 | D:2      | Found a blossoming altar of Fedhas.
  1098 | D:2      | Found a shadowy altar of Dithmenos.
  1099 | D:2      | Found a deep blue altar of Sif Muna.
  1101 | D:2      | Found a sacrificial altar of Ru.
  1101 | D:2      | Found an iron altar of Okawaru.
  1101 | D:2      | Found a bloodstained altar of Trog.
  1101 | D:2      | Found a shimmering altar of Xom.
  1109 | D:2      | Became a worshipper of Warmaster Okawaru
  1823 | D:3      | Reached XP level 5. HP: 41/41 MP: 5/5
  2005 | D:3      | Noticed Natasha
  2013 | D:3      | Killed Natasha
  2035 | D:3      | Noticed Natasha
  2041 | D:3      | Killed Natasha
  2104 | D:3      | Noticed Natasha
  2107 | D:3      | Killed Natasha
  2523 | D:4      | Reached XP level 6. HP: 25/48 MP: 6/6
  2540 | D:4      | Killed from afar by an orc wizard

Vault maps used:
D:1:      minmay_arrival_loop, minivault_4
D:2:      grunt_temple_overflow_open, kennysheep_pointless_box
D:3:      grunt_decor_clamped, uniq_natasha
D:4:      grunt_temple_overflow_lords_of_destruction,
          nicolae_overflow_crystal_walls, grunt_decor_one_mirror,
          kennysheep_nondescript

Skill      XL: |  1  2  3  4  5 |
---------------+----------------+-----
Throwing       | 2 3 |  3.2
Dodging        | 3 4 |  4.4
Axes           | 4 |  4.6
Fighting       | |  2.1

Action                   |  1- 3 |  4- 6 || total
-------------------------+-------+-------++-------
Melee: War axe           |   106 |   142 ||   248
       Tailslap          |    10 |    15 ||    25
  Use: Scroll            |       |    12 ||    12
       Potion            |       |     4 ||     4
 Stab: Sleeping          |     2 |     1 ||     3
  Eat: Chunk             |     1 |     4 ||     5
Armor: Skin              |    45 |    73 ||   118
Dodge: Dodged            |    75 |   163 ||   238
